 Dungeon Crawl Stone Soup version 0.19-a0-743-ge0d55e4 (webtiles) character file.

151502 Implojin the Brawler (level 16, -3/174 HPs)
             Began as a Troll Fighter on June 23, 2016.
             Was a High Priest of Okawaru.
             Slain by a vault guard
             ... wielding a +0 great sword
              (26 damage)
             ... on level 5 of the Vaults.
             The game lasted 01:27:38 (7646 turns).

Implojin the Brawler (Troll Fighter)                Turns: 7646, Time: 01:27:39

Health: -3/174     AC: 20    Str: 30    XL:     16   Next: 71%
Magic:  16/21      EV: 19    Int:  4    God:    Okawaru [*****.]
Gold:   266        SH: 17    Dex: 23    Spells: 0 memorised, 15 levels left

rFire  . . .     SeeInvis .       - Unarmed
rCold  + . .     Gourm    +     T - quicksilver dragon armour
rNeg   . . .     Faith    .     U - +0 shield "Moten" {+Inv rElec rC+}
rPois  +         Spirit   .     L - +2 hat {MR+}
rElec  +         Dismiss  .     K - +2 cloak {rPois}
rCorr  .         Reflect  +     (gloves unavailable)
SustAt .         Harm     .     (boots unavailable)
MR     +++..                    m - +4 amulet of reflection
Stlth  +++.......               q - +4 ring of dexterity
                                v - ring of stealth

@: agile, very slightly contaminated, hasted (expiring), very quick, extremely
resistant to hostile enchantments, fairly stealthy
A: unfitting armour, claws 3, blurry vision 1, deterioration 1, fast metabolism
3, gourmand, regeneration 2, shaggy fur 1, strong 1, tough skin 2
a: Heroism, Finesse, Renounce Religion, Evoke Invisibility
}: 1/15 runes: decaying


You were on level 5 of the Vaults.
You worshipped Okawaru.
Okawaru was extremely pleased with you.
You were very full.

You visited 5 branches of the dungeon, and saw 29 of its levels.
You also visited: Ossuary and Ice Cave.

You collected 889 gold pieces.
You spent 623 gold pieces at shops.

Inventory:

Hand Weapons
 N - a +0 blowgun
Missiles
 k - 8 javelins of returning
 o - 11 large rocks (quivered)
Armour
 A - the +1 robe of Protective Custody {Str+4, unknown}
   (Okawaru gifted it to you on level 1 of the Vaults)

   It affects your strength (+4).
 I - a +2 mottled dragon armour
 K - a +2 cloak of poison resistance (worn)
 L - a +2 hat of magic resistance (worn)
 T - a quicksilver dragon armour (worn)
 U - the +0 shield "Moten" (worn) {+Inv rElec rC+}
   (Okawaru gifted it to you on level 2 of the Lair of Beasts)

   It protects you from cold.
   It insulates you from electricity.
   It lets you turn invisible.
 X - a swamp dragon hide
 Z - the -4 cloak of Sloth {Regen+}
   (Okawaru gifted it to you on level 4 of the Swamp)

   It increases your rate of regeneration.
Magical Staves
 y - an uncursed staff of poison
Jewellery
 a - an uncursed ring of sustain attributes
 m - a +4 amulet of reflection (around neck)
 q - a +4 ring of dexterity (right claw)
 v - a ring of stealth (left claw)
 z - an uncursed ring of protection from cold
 C - an uncursed ring of sustain attributes
 F - an uncursed ring of ice
 M - an uncursed ring of positive energy {unknown}
 O - an uncursed amulet of harm {unknown}
 Q - an uncursed amulet of guardian spirit {unknown}
Wands
 i - a wand of teleportation (3/9)
 R - a wand of iceblast (6/15)
Scrolls
 h - a scroll of recharging
 l - a scroll of magic mapping
 p - a scroll of teleportation
 w - a scroll of random uselessness
 B - a scroll of remove curse
 J - a scroll of enchant armour
Potions
 e - 2 potions of magic
 f - a potion of berserk rage {unknown}
 g - a potion of brilliance {unknown}
 n - 2 potions of cancellation {unknown}
 r - 2 potions of mutation
 s - 2 potions of ambrosia {unknown}
 u - a potion of degeneration {unknown}
 D - 2 potions of cure mutation {unknown}
 P - a potion of haste
 S - 2 potions of resistance {unknown}
 V - 3 potions of flight
Comestibles
 b - 3 chunks of flesh
 c - 3 fruits
 d - 9 bread rations
 j - 2 meat rations
 E - a royal jelly
 G - 3 beef jerkies
 H - 7 slices of pizza


   Skills:
 * Level 14.5 Fighting
 - Level 7.0 Armour
 - Level 12.0 Dodging
 - Level 8.0 Shields
 - Level 15.0 Unarmed Combat
 - Level 8.1 Invocations


You had 15 spell levels left.
You didn't know any spells.

Dungeon Overview and Level Annotations

Branches:
Dungeon (15/15)              Lair (4/6) D:8           Swamp (4/4) Lair:4
 Spider (0/4) Lair:4          Orc (1/2) D:9          Vaults (5/5) D:13
  Crypt (0/3) Vaults:2     Depths (0/5) D:15
 Temple: D:4-7

Altars:
Okawaru
Uskayaw

Shops:
D:9 =   Vaults:1 *

Annotations:
Vaults:5 Mennas, Xtahua


Innate Abilities, Weirdness & Mutations

You are too large for most types of armour.
You have claws for hands.
Your metabolism is lightning-fast.
You like to eat raw meat.
You heal very quickly.
You are covered in fur. (AC +1)
You have very tough skin. (AC +2)
Scrolls take you a little longer to read.
Your body sometimes deteriorates upon taking damage.
Your muscles are strong. (Str +2)


Message History

You hear a shout! x3
The vault warden unwields an uncursed war axe of distortion.
Its appearance distorts for a moment.
The vault warden wields a runed arbalest.
It is covered in frost.
The vault warden shoots a bolt.
You reflect the bolt off an invisible shield around you!
The bolt hits the vault warden!
The bolt freezes the vault warden!
An ironbrand convoker comes into view. It is wielding a morningstar.
Unknown command.
The vault guard completely misses you.
The ironheart preserver mumbles some strange words.
The ironheart preserver begins to accept its allies' injuries.
The vault guard closely misses you. You block the vault guard's attack.
A storm dragon comes into view.
An ironheart preserver comes into view. It is wielding a morningstar.
The moth of wrath goads the vault guard on!
The vault guard goes berserk!
The moth of wrath goads the vault guard on!
The vault guard goes berserk!
You block the vault guard's attack.
Mennas gestures frantically.
Mennas's surroundings become eerily quiet.
You block the vault guard's attack.
Your extra speed is starting to run out.
The moth of wrath changes into a lindwurm!
A two-headed ogre comes into view. It is wielding two giant spiked clubs.
The two-headed ogre shouts in stereo!
The vault guard shouts! x2
Okay, then.
Okay, then.
Evoke which item? (* to show all) (? for menu, Esc to quit)
Okay, then.
An ogre mage comes into view.
It is wielding the +6 scimitar of Flaming Death {sticky flame, rPois rF++ rC- MR+}.
Your claws slow down.
You block the vault guard's attack.
You block the ironbrand convoker's attack.
You hear a roar!
There is a stone staircase leading up here.
Unknown command.
The vault guard hits you with a great sword!!
You die...

........,.#....#....##........,,,
........,#.....#....##.p....p.,,,
...§....*......#....#.........,,,
.......#,,.....#....#.H.......,,,
......#.,,........k.p....####.,,,
##############..p.....#####******
?......p..........Ce.p.....,,,,,,
...p............pppp.......,,,,,,
.B..............@.Q<..A.(...,,,,,
..§.............p<<.........,,,,,
##############......p.######*****
,,*,,,*,,,*,............,,,,,,,,,
,*,*,*,*,*,#.#.#....#....,,,,,,,*
*,,,*,,,*,..#Op#p...#......,,,,*,
**,***,*,#.#O#.#....#......,,,*,,
*** **,,.#...##....#......,,*,,,
**,*,*,*,*,,,,*,,,,,,,*,,,*


You could see Mennas, 2 ironheart preservers, a frost giant, a sphinx, 2 vault
wardens, a tengu reaver, 7 vault guards, a deep elf sorcerer, an ogre mage
(wandering), a lindwurm shaped shifter, an ironbrand convoker and a two-headed
ogre.

Vanquished Creatures
  Margery (Vaults:3)
  A tentacled monstrosity (Vaults:5)
  A titan (Vaults:5)
  A quicksilver dragon (Vaults:5)
  A lich (Vaults:5)
  2 sphinxes (Vaults:3)
  A shadow dragon (Vaults:5)
  2 thorn hunters (Swamp:4)
  A tengu reaver (Vaults:4)
  Donald (Swamp:3)
  2 frost giants
  4 vault wardens
  4 ironheart preservers
  3 stone giants
  A deep elf demonologist (Vaults:1)
  An ettin (Vaults:2)
  9 yaktaur captains
  A deep elf high priest (Vaults:5)
  8 vault guards
  A great orb of eyes (Vaults:5)
  12 hydras
  A ghost crab (Swamp:2)
  6 centaur warriors
  4 death knights
  2 dancing weapons (D:13)
  An ogre mage (Vaults:2)
  2 alligators (Swamp:4)
  6 death yaks (Lair:2)
  2 deep elf knights
  2 hell knights (Vaults:3)
  A spriggan druid (Swamp:4)
  10 swamp dragons
  5 ironbrand convokers
  A flayed ghost (Vaults:5)
  An orc knight (Vaults:2)
  Pikel (D:7)
  A deep elf archer (Vaults:1)
  A wizard (Vaults:1)
  A hill giant (Vaults:1)
  3 lindwurms (Swamp:4)
  2 phantasmal warriors (Vaults:5)
  2 necromancers (Vaults:3)
  2 hornets (Swamp:3)
  2 griffons
  16 ugly things
  3 deep elf magi
  A manticore (shapeshifter) (Vaults:5)
  A cyclops (Vaults:2)
  A guardian serpent (shapeshifter) (Vaults:1)
  5 elephants (Lair:3)
  3 centaur skeletons
  4 spiny frogs
  A kobold demonologist (D:13)
  9 vault sentinels
  3 komodo dragons
  11 yaktaurs
  3 freezing wraiths
  3 giant leeches
  10 polar bears
  2 queen bees (shapeshifter)
  3 meliai (D:15)
  3 two-headed ogres
  13 blink frogs
  2 bog bodies
  6 jumping spiders
  2 boulder beetles
  2 stone giant simulacra
  11 slime creatures
  A spriggan (Lair:4)
  10 redbacks
  A shadow (Swamp:4)
  2 tarantellas (Vaults:3)
  2 wraiths
  2 wyverns
  A golden eye (shapeshifter) (Vaults:3)
  A human (D:8)
  27 yaks
  A hungry ghost (D:8)
  The ghost of chromaticdragonking the Conjurer, an amateur DrCj (D:4)
  A hippogriff (D:14)
  10 vampire mosquitoes
  6 insubstantial wisps (Swamp:4)
  6 swamp worms
  A mottled dragon (Vaults:2)
  3 wargs (D:9)
  A soldier ant (D:13)
  4 water moccasins
  2 porcupines (Lair:3)
  8 ice beasts
  6 orc warriors
  4 slaves (D:7)
  2 wasps
  A sky beast (D:6)
  10 swamp drakes
  A black bear (Lair:4)
  An eye of draining (D:13)
  11 ogres
  2 phantoms
  8 wolves
  A crocodile (Lair:3)
  8 giant frogs
  2 big kobolds
  A scorpion (D:4)
  4 killer bees (D:9)
  A howler monkey (D:4)
  2 electric eels (D:11)
  2 crimson imps
  A giant frog zombie (D:12)
  A human simulacrum (Vaults:2)
  A hound (D:11)
  3 jellies
  A quasit (D:7)
  2 orc priests
  7 orc wizards
  4 iguanas
  Jessica (D:2)
  A giant frog skeleton (D:7)
  5 worker ants
  Natasha (thrice) (D:3)
  7 sheep
  A big kobold zombie (Ossuary)
  A centaur simulacrum (D:11)
  8 mummies (Ossuary)
  6 adders
  2 hound simulacra (D:11)
  A shadow imp (D:7)
  6 white imps
  4 ufetubi (D:11)
  An adder skeleton (D:7)
  3 giant geckos
  28 orcs
  A giant cockroach (D:7)
  2 goblins
  2 hobgoblins (D:3)
  2 jackals (D:4)
  8 kobolds
  2 quokkas
  A ball python (D:2)
  A giant newt (D:4)
  2 gnoll zombies (Ossuary)
  3 kobold zombies (Ossuary)
  2 orc zombies (Ossuary)
  5 rats (D:1)
  2 briar patches (Swamp:4)
524 creatures vanquished.

Vanquished Creatures (others)
  Fannar (D:12)
  A swamp worm (Swamp:2)
2 creatures vanquished.

Grand Total: 526 creatures vanquished

Notes
Turn   | Place    | Note
--------------------------------------------------------------
     0 | D:1      | Implojin the Troll Fighter began the quest for the Orb.
     0 | D:1      | Reached XP level 1. HP: 22/22 MP: 0/0
    80 | D:1      | Reached XP level 2. HP: 29/29 MP: 1/1
    97 | D:2      | Reached skill level 3 in Unarmed Combat
   109 | D:2      | Noticed Jessica
   113 | D:2      | Killed Jessica
   113 | D:2      | Reached XP level 3. HP: 31/36 MP: 2/2
   182 | D:2      | Reached skill level 4 in Unarmed Combat
   187 | D:3      | Noticed Natasha
   198 | D:3      | Killed Natasha
   198 | D:3      | Reached XP level 4. HP: 33/44 MP: 3/3
   217 | D:3      | Noticed Natasha
   280 | D:3      | Killed Natasha
   303 | D:3      | Noticed Natasha
   309 | D:3      | Killed Natasha
   309 | D:3      | Reached skill level 5 in Unarmed Combat
   355 | D:4      | Reached XP level 5. HP: 50/50 MP: 4/4
   400 | D:4      | Reached skill level 6 in Unarmed Combat
   521 | D:4      | Noticed chromaticdragonking's ghost (amateur DrCj)
   534 | D:4      | Killed chromaticdragonking's ghost
   534 | D:4      | Reached XP level 6. HP: 31/59 MP: 5/5
   618 | D:4      | Reached skill level 7 in Unarmed Combat
   690 | D:4      | Reached XP level 7. HP: 39/66 MP: 6/6
   706 | D:4      | Reached skill level 8 in Unarmed Combat
   732 | D:4      | Found a sand-covered staircase.
   737 | Ossuary  | Entered an ossuary
   970 | D:5      | Entered Level 5 of the Dungeon
   992 | D:6      | Noticed a hand axe
   994 | D:6      | Noticed a hand axe
   996 | D:6      | Found a hide-covered altar of Uskayaw.
  1058 | D:6      | Found an iron altar of Okawaru.
  1066 | D:6      | Became a worshipper of Warmaster Okawaru
  1068 | D:6      | Reached skill level 9 in Unarmed Combat
  1125 | D:6      | Reached XP level 8. HP: 42/74 MP: 7/7
  1204 | D:6      | Reached skill level 10 in Unarmed Combat
  1255 | D:7      | Noticed Pikel
  1310 | D:7      | Killed Pikel
  1310 | D:7      | Reached * piety under Okawaru
  1310 | D:7      | Reached ** piety under Okawaru
  1310 | D:7      | Reached skill level 11 in Unarmed Combat
  1518 | D:7      | Reached XP level 9. HP: 80/80 MP: 8/8
  1556 | D:8      | Reached skill level 12 in Unarmed Combat
  1639 | D:8      | Reached *** piety under Okawaru
  1639 | D:8      | Reached skill level 3 in Fighting
  1802 | D:9      | Found a staircase to the Orcish Mines.
  1808 | D:9      | Reached skill level 4 in Fighting
  1818 | D:9      | Reached skill level 5 in Fighting
  1844 | Orc:1    | Entered Level 1 of the Orcish Mines
  1844 | Orc:1    | Noticed an orc sorcerer
  1846 | Orc:1    | Noticed a troll
  1862 | D:10     | Entered Level 10 of the Dungeon
  1869 | D:9      | Found Goxeam's Jewellery Emporium.
  1902 | D:9      | Reached skill level 6 in Fighting
  1968 | D:11     | Noticed a polar bear
  1968 | D:11     | Reached **** piety under Okawaru
  1994 | D:11     | Killed a polar bear
  1994 | D:11     | Reached skill level 7 in Fighting
  1994 | D:11     | Reached XP level 10. HP: 54/102 MP: 5/9
  2146 | D:11     | Found a frozen archway.
  2160 | IceCv    | Entered an ice cave
  2166 | IceCv    | Reached skill level 8 in Fighting
  2175 | IceCv    | Reached ***** piety under Okawaru
  2210 | IceCv    | Reached skill level 9 in Fighting
  2217 | IceCv    | Received a gift from Okawaru
  2229 | IceCv    | Noticed an ice statue
  2399 | D:12     | Noticed Fannar
  2412 | D:12     | Killed Fannar
  2412 | D:12     | Reached skill level 10 in Fighting
  2562 | D:11     | Reached XP level 11. HP: 103/119 MP: 7/10
  2649 | D:13     | Noticed an enchanted long sword
  2650 | D:13     | Found a gate to the Vaults.
  2656 | D:13     | Noticed an enchanted long sword
  2665 | D:13     | Killed an enchanted long sword
  2666 | D:13     | Killed an enchanted long sword
  2666 | D:13     | Reached skill level 11 in Fighting
  2801 | D:13     | Noticed a centaur warrior
  2810 | D:13     | Killed a centaur warrior
  2929 | D:15     | Entered Level 15 of the Dungeon
  2951 | D:15     | Reached skill level 12 in Fighting
  3055 | D:15     | Reached skill level 1 in Invocations
  3059 | D:15     | Noticed a yaktaur captain
  3059 | D:15     | Found a staircase to the Depths.
  3067 | D:15     | Killed a yaktaur captain
  3067 | D:15     | Reached skill level 3 in Invocations
  3071 | D:15     | Noticed a centaur warrior
  3076 | D:15     | Killed a centaur warrior
  3076 | D:15     | Reached skill level 4 in Invocations
  3255 | D:9      | Bought a +4 ring of dexterity for 378 gold pieces
  3424 | D:8      | Found a staircase to the Lair.
  3431 | Lair:1   | Entered Level 1 of the Lair of Beasts
  3447 | Lair:1   | Reached skill level 5 in Invocations
  3474 | Lair:1   | Reached XP level 12. HP: 117/132 MP: 15/15
  3484 | Lair:1   | Reached skill level 6 in Invocations
  3613 | Lair:3   | Noticed a five-headed hydra
  3617 | Lair:3   | Received a gift from Okawaru
  3621 | Lair:3   | Killed a nine-headed hydra
  3621 | Lair:3   | Reached skill level 7 in Invocations
  3640 | Lair:3   | Reached skill level 8 in Invocations
  3709 | Lair:4   | Reached skill level 3 in Shields
  3740 | Lair:4   | Reached skill level 4 in Shields
  3753 | Lair:4   | Found a hole to the Spider Nest.
  3782 | Lair:4   | Reached skill level 5 in Shields
  3935 | Lair:2   | Noticed a death yak
  3938 | Lair:2   | Noticed a death yak
  3939 | Lair:2   | Noticed a death yak
  3939 | Lair:2   | Noticed a death yak
  3939 | Lair:2   | Noticed a death yak
  3939 | Lair:2   | Noticed a death yak
  3949 | Lair:2   | Killed a death yak
  3949 | Lair:2   | Reached skill level 6 in Shields
  3957 | Lair:2   | Killed a death yak
  3966 | Lair:2   | Killed a death yak
  3972 | Lair:2   | Killed a death yak
  3972 | Lair:2   | Reached skill level 7 in Shields
  3980 | Lair:2   | Killed a death yak
  3980 | Lair:2   | Received a gift from Okawaru
  3985 | Lair:2   | Killed a death yak
  3986 | Lair:2   | Got a jewelled shield {god gift}
  4006 | Lair:2   | Reached XP level 13. HP: 110/140 MP: 16/18
  4009 | Lair:2   | Reached ****** piety under Okawaru
  4032 | Lair:2   | Reached skill level 8 in Shields
  4057 | Lair:2   | Reached skill level 3 in Dodging
  4120 | Lair:4   | Found a staircase to the Swamp.
  4166 | Lair:4   | Reached skill level 4 in Dodging
  4180 | Swamp:1  | Entered Level 1 of the Swamp
  4283 | Swamp:2  | Got a transparent scimitar
  4284 | Swamp:2  | Identified the cursed +0 scimitar "Giant's Bane" {drain, +Blink Str-3 Dex+2 Stlth+} (You found it on level 2 of the Swamp)
  4333 | Swamp:3  | Reached skill level 5 in Dodging
  4397 | Swamp:3  | Noticed Donald
  4397 | Swamp:3  | Reached skill level 6 in Dodging
  4426 | Swamp:3  | Killed Donald
  4439 | Swamp:4  | Entered Level 4 of the Swamp
  4472 | Swamp:4  | Identified the +0 shield "Moten" {+Inv rElec rC+} (Okawaru gifted it to you on level 2 of the Lair of Beasts)
  4485 | Swamp:4  | Reached skill level 7 in Dodging
  4665 | Swamp:4  | Received a gift from Okawaru
  4666 | Swamp:4  | Got an ancient cloak {god gift}
  4676 | Swamp:4  | Reached skill level 8 in Dodging
  4684 | Swamp:4  | Noticed a thorn hunter
  4714 | Swamp:4  | Killed a thorn hunter
  4723 | Swamp:4  | Reached skill level 9 in Dodging
  4748 | Swamp:4  | Reached skill level 1 in Armour
  4748 | Swamp:4  | Reached XP level 14. HP: 71/149 MP: 12/19
  4774 | Swamp:4  | Reached skill level 2 in Armour
  4794 | Swamp:4  | Reached skill level 3 in Armour
  4877 | Swamp:4  | Reached skill level 4 in Armour
  5085 | Swamp:4  | Reached skill level 5 in Armour
  5116 | Swamp:4  | Noticed a thorn hunter
  5140 | Swamp:4  | Killed a thorn hunter
  5140 | Swamp:4  | Reached skill level 6 in Armour
  5153 | Swamp:4  | Received a gift from Okawaru
  5207 | Swamp:4  | Got a decaying rune of Zot
  5326 | Lair:4   | hmm
  5326 | Lair:4   | spider then vaults, or vaults then abyss
  5326 | Lair:4   | or vaults then spider
  5327 | Lair:4   | fuck it
  5327 | Lair:4   | VAULTS
  5492 | D:9      | Bought an uncursed ring of sustain attributes for 245 gold pieces
  5562 | Vaults:1 | Entered Level 1 of the Vaults
  5570 | Vaults:1 | Reached skill level 7 in Armour
  5610 | Vaults:1 | Noticed an ironheart preserver
  5637 | Vaults:1 | Killed an ironheart preserver
  5637 | Vaults:1 | Reached skill level 10 in Dodging
  5675 | Vaults:1 | Found Raokeiq's Assorted Antiques.
  5806 | Vaults:1 | :you'll get gold on v:4
  5820 | Vaults:1 | :v:$
  5885 | Vaults:1 | Received a gift from Okawaru
  5886 | Vaults:1 | Got a smoking robe {god gift}
  5887 | Vaults:1 | hmm
  5887 | Vaults:1 | good chance to get abyssed
  5887 | Vaults:1 | nah low % cause of mr
  5942 | Vaults:2 | Noticed a vault warden
  5962 | Vaults:2 | Killed a vault warden
  5962 | Vaults:2 | Reached skill level 11 in Dodging
  6033 | Vaults:2 | Reached XP level 15. HP: 104/156 MP: 13/20
  6075 | Vaults:2 | Found a staircase to the Crypt.
  6076 | Vaults:2 | :shit
  6112 | Vaults:2 | Noticed a vault warden
  6134 | Vaults:2 | Killed a vault warden
  6150 | Vaults:2 | Reached skill level 12 in Dodging
  6389 | Vaults:2 | crap
  6389 | Vaults:2 | :i hope i didn't have sustab already when i bought sustab
  6410 | Vaults:2 | Reached skill level 13 in Unarmed Combat
  6464 | Vaults:3 | Noticed Margery
  6465 | Vaults:3 | hmm
  6475 | Vaults:3 | hmm
  6482 | Vaults:3 | Killed Margery
  6482 | Vaults:3 | Received a gift from Okawaru
  6498 | Vaults:3 | Received a gift from Okawaru
  6566 | Vaults:3 | Noticed a sphinx
  6583 | Vaults:3 | Killed a sphinx
  6583 | Vaults:3 | Reached skill level 14 in Unarmed Combat
  6616 | Vaults:3 | Noticed a sphinx
  6629 | Vaults:3 | Killed a sphinx
  6633 | Vaults:3 | Noticed a vault warden
  6682 | Vaults:3 | Killed a vault warden
  6714 | Vaults:4 | Noticed a frost giant
  6714 | Vaults:4 | Noticed a tengu reaver
  6853 | Vaults:3 | Identified the -4 cloak of Sloth {Regen+} (Okawaru gifted it to you on level 4 of the Swamp)
  6876 | Vaults:4 | Killed a frost giant
  6883 | Vaults:3 | Reached skill level 15 in Unarmed Combat
  6886 | Vaults:3 | :hmm
  6891 | Vaults:4 | Killed a tengu reaver
  6930 | Vaults:4 | Noticed a vault warden
  6955 | Vaults:4 | Killed a vault warden
  6955 | Vaults:4 | Received a gift from Okawaru
  6955 | Vaults:4 | Reached XP level 16. HP: 125/166 MP: 15/21
  6995 | Vaults:4 | :hmm
  7048 | Vaults:4 | Received a gift from Okawaru
  7178 | Vaults:4 | Gained mutation: Your body sometimes deteriorates upon taking damage. [potion of mutation]
  7178 | Vaults:4 | Gained mutation: Scrolls take you a little longer to read. [potion of mutation]
  7178 | Vaults:4 | Gained mutation: Your muscles are strong. (Str +2) [potion of mutation]
  7184 | Vaults:5 | Entered Level 5 of the Vaults
  7184 | Vaults:5 | Noticed a sphinx
  7195 | Vaults:4 | ugh
  7244 | Vaults:3 | Reached skill level 13 in Fighting
  7290 | Vaults:5 | Noticed a lich
  7291 | Vaults:5 | Noticed a shadow dragon
  7444 | Vaults:5 | :mennas
  7449 | Vaults:5 | Noticed a tentacled monstrosity
  7454 | Vaults:5 | Noticed a lich
  7462 | Vaults:5 | Killed a lich
  7476 | Vaults:5 | Killed a tentacled monstrosity
  7491 | Vaults:5 | Reached skill level 14 in Fighting
  7511 | Vaults:5 | :hmm
  7538 | Vaults:5 | Noticed a shadow dragon
  7579 | Vaults:5 | Killed a shadow dragon
  7580 | Vaults:5 | Noticed a quicksilver dragon
  7580 | Vaults:5 | Noticed a titan
  7589 | Vaults:5 | Killed a quicksilver dragon
  7595 | Vaults:5 | Killed a titan
  7595 | Vaults:5 | Received a gift from Okawaru
  7604 | Vaults:5 | asdfghjkl;
  7623 | Vaults:5 | Noticed a storm dragon
  7624 | Vaults:5 | Noticed a Brimstone Fiend
  7631 | Vaults:5 | Noticed a quicksilver dragon
  7631 | Vaults:5 | Noticed Xtahua
  7631 | Vaults:5 | Noticed a golden dragon
  7635 | Vaults:5 | HP: 8/174 [yaktaur captain/bolt (22)]
  7639 | Vaults:5 | Noticed a tengu reaver
  7639 | Vaults:5 | Noticed Mennas
  7642 | Vaults:5 | Noticed a storm dragon
  7646 | Vaults:5 | Slain by a vault guard

Vault maps used:
D:1:      dpeg_arrival_ratfight, st_stairs_9, hangedman_decor_opposing
D:2:      st_stairs_2, uniq_jessica
D:3:      minivault_14, uniq_natasha
D:4:      enter_ossuary_5, minmay_fire_ice_demons
D:5:      gammafunk_temple_overflow_forgotten, gammafunk_temple_overflow_wave,
          first_bread, uniq_edmund, uniq_eustachio, uniq_menkaure
D:6:      dancing_weapons_uskayaw, okawaru_trees_1
D:7:      uniq_pikel
D:8:      lair_0_dummy, grunt_livestock
D:9:      lemuel_troll_bridge, minmay_orc_entry_guard_dogs, serial_shops, shop
D:10:     minmay_unpleasant_kobolds, uniq_urug, uniq_erolcha
D:11:     serial_ice, serial_ice_h, serial_ice_a, serial_ice_c, serial_ice_m,
          serial_ice_j, serial_ice_n, serial_ice_f, serial_ice_o, serial_ice_e,
          serial_ice_g, portal_ice_cave_entry_pillars_1
D:12:     uniq_fannar
D:13:     erik_vaults_1
D:14:     serial_shops, kennysheep_little_box, uniq_rupert
D:15:     grunt_enter_depths_snipers, grunt_decor_cap, xom_teletrap_fun
Lair:1:   grunt_megastairs_4, lemuel_fruit_fields
Lair:2:   grunt_megastairs_2, infiniplex_staircase_pool_2, lemuel_fruit_fields,
          serial_bayou_shore_b
Lair:3:   nicolae_quartered_pool_super, st_stairs_11
Lair:4:   swamp_mist, nicolae_spider_entry_tight_spaces, roderic_batcave,
          grunt_forest_stairs_clearing
Swamp:1:  hangedman_swamp_ruin_hall, swamp_pool4, nicolae_swamp_little_tower,
          uniq_aizul
Swamp:2:  evilmike_swamp_ruin_rubble_2, uniq_louise, uniq_roxanne
Swamp:3:  evilmike_swamp_ruin_rubble_1, swamp_pool1, uniq_donald
Swamp:4:  swamp_alternative, swamp_pool4
Orc:1:    bloody_trog
Vaults:1: vaults_mumra_lcd, nicolae_vaults_rhombus_5,
          nicolae_vaults_network_star, hangedman_vaults_maws,
          dpeg_vaults_monster_box, ontoclasm_vaults_eye,
          hangedman_vaults_variations, v_misc_12, ontoclasm_vaults_tryst,
          nicolae_vaults_branching_niches, vaults_room_door_ring,
          nicolae_vaults_angled_halls, serial_ice_h, serial_shops,
          nicolae_shop_overgrown_old_shop
Vaults:2: hangedman_vaults_nails, blue_anna_dwarven_crypt,
          vaults_standard_mumra_lines, st_smaller_cells, vaults_mumra_hexcomb,
          vaults_room_pool, vaults_room_ringed_pool, v_misc_16,
          ontoclasm_vaults_spin, grunt_vaults_bifocal, hangedman_vaults_trim,
          vaults_mumra_hex
Vaults:3: nicolae_vaults_inception_statues, hangedman_vaults_slice,
          vaults_dpeg_diagonal, st_spiral_rooms, hangedman_vaults_river_flow,
          ontoclasm_vaults_idyll, ontoclasm_vaults_ligature,
          vaults_room_stairs_pillars, nicolae_vaults_specimen_jars, uniq_sojobo,
          uniq_margery
Vaults:4: nicolae_vaults_what_the_h, hangedman_vaults_pinch,
          nicolae_vaults_big_ls, vaults_room_large_hall, v_misc_4,
          vaults_room_grunt_arrival_ludios, vaults_room_octagon,
          vaults_dpeg_ring, nicolae_vaults_windows_and_doors_thing,
          vaults_dpeg_encased_lava, nicolae_vaults_ring_of_whatevers
Vaults:5: uniq_mennas, uniq_xtahua
Ossuary:  ossuary_tomb_3
IceCv:    ice_cave_small_giant

Skill      XL: |  1  2  3  4  5  6  7  8  9 10 11 12 13 14 15 16 |
---------------+-------------------------------------------------+-----
Unarmed Combat | 3 4 5 6 7 9 11 12 15 | 15.0
Fighting       | 7 10 12 14 | 14.5
Invocations    | 5 8 |  8.1
Shields        | 7 8 |  8.0
Dodging        | 9 11 12 | 12.0
Armour         | 1 7 |  7.0

Action                   |  1- 3 |  4- 6 |  7- 9 | 10-12 | 13-15 | 16-18 || total
-------------------------+-------+-------+-------+-------+-------+-------++-------
Melee: Unarmed           |    42 |    67 |   323 |   476 |   966 |   221 ||  2095
Throw: Large rock        |       |       |       |       |     2 |     3 ||     5
Invok: Heroism           |       |       |     4 |    18 |    31 |     8 ||    61
       Finesse           |       |       |       |       |    16 |     5 ||    21
Evoke: Wand              |       |       |       |       |       |     3 ||     3
  Use: Scroll            |       |     2 |     3 |    11 |     3 |     6 ||    25
       Potion            |       |     1 |     2 |     1 |     6 |     6 ||    16
 Stab: Sleeping          |     2 |       |       |     4 |     5 |     1 ||    12
       Distracted        |       |       |       |     1 |       |       ||     1
       Invisible         |       |       |       |       |     7 |       ||     7
  Eat: Chunk             |     7 |     3 |    15 |    19 |    29 |     5 ||    78
Armor: Robe              |    18 |    14 |    47 |    28 |       |       ||   107
       Quicksilver drago |       |       |       |    73 |   194 |    24 ||   291
Dodge: Dodged            |    12 |    23 |    58 |   109 |   349 |    54 ||   605
Block: Shield            |    14 |    22 |   146 |   284 |   575 |    90 ||  1131
       Reflection        |       |       |     1 |     2 |    13 |     3 ||    19

Table legend:
 A = Turns spent in this place as a percentage of turns spent in the entire game.
 B = Non-inter-level travel turns spent in this place as a percentage of non-inter-level travel turns spent in the entire game.
 C = Inter-level travel turns spent in this place as a percentage of turns spent in this place.
 D = Turns resting spent in this place as a percentage of non-inter-level travel turns spent in this place.
 E = Turns spent auto-exploring this place as a percentage of non-inter-level travel turns spent in this place.
 F = Non-inter-level travel turns spent in this place divided by the number of levels of this place that you've seen.
                   A       B       C       D       E      F
               +-------+-------+-------+-------+-------+----------------------
         Total | 100.0 | 100.0 |   0.0 |   0.2 |   0.0 | 241.0
       Dungeon |  42.3 |  42.3 |   0.0 |   0.0 |   0.0 | 210.6
          Lair |  12.1 |  12.1 |   0.0 |   0.0 |   0.0 | 226.0
         Swamp |  15.3 |  15.3 |   0.0 |   1.0 |   0.0 | 286.0
  Orcish Mines |   0.0 |   0.0 |   0.0 |   0.0 |   0.0 |   3.0
        Vaults |  26.9 |  26.9 |   0.0 |   0.2 |   0.0 | 401.8
       Ossuary |   2.1 |   2.1 |   0.0 |   0.0 |   0.0 | 160.0
      Ice Cave |   1.2 |   1.2 |   0.0 |   0.0 |   0.0 |  92.0
               +-------+-------+-------+-------+-------+----------------------

Table legend:
 A = Kills in this place as a percentage of kills in entire the game.
 B = Kills by you in this place as a percentage of kills by you in the entire game.
 C = Kills by friends in this place as a percentage of kills by friends in the entire game.
 D = Other kills in this place as a percentage of other kills in the entire game.
 E = Experience gained in this place as a percentage of experience gained in the entire game.
 F = Experience gained in this place divided by the number of levels of this place that you have seen.
                   A       B       C       D       E      F
               +-------+-------+-------+-------+-------+----------------------
         Total | 100.0 | 100.0 |  -nan | 100.0 | 100.0 | 6382.6
       Dungeon |  32.2 |  32.0 |  -nan | 100.0 |   8.8 | 1161.2
          Lair |  15.4 |  15.4 |  -nan |   0.0 |  11.5 | 5712.2
         Swamp |  15.2 |  15.3 |  -nan |   0.0 |  20.0 | 9898.8
        Vaults |  31.8 |  31.9 |  -nan |   0.0 |  58.2 | 23042.8
       Ossuary |   3.1 |   3.1 |  -nan |   0.0 |   0.1 | 179.0
      Ice Cave |   2.3 |   2.3 |  -nan |   0.0 |   1.3 | 2605.0
               +-------+-------+-------+-------+-------+----------------------
